 Dungeon Crawl Stone Soup version 0.29-a0-322-g68df515428 (webtiles) character file.

Game seed: 11632590268434363333

9088 kae the Zephyrmancer (level 11, -2/111 HPs)
             Began as an Ogre Air Elementalist on Apr 9, 2022.
             Was an Initiate of Gozag.
             Slain by a boulder beetle (45 damage)
             ... on level 8 of the Dungeon.
             The game lasted 00:14:55 (16098 turns).

kae the Zephyrmancer (Ogre Air Elementalist)       Turns: 16098, Time: 00:14:56

Health: -2/111     AC: 18    Str: 14    XL:     11   Next: 41%
Magic:  4/21       EV:  8    Int: 20    God:    Gozag
Gold:   457        SH:  0    Dex: 11    Spells: 14/24 levels left

rFire   . . .      SeeInvis .   u - staff of air
rCold   + + .      Faith    .   (no shield)
rNeg    . . .      Spirit   .   n - +7 ice dragon scales "Earthly Heaven" {rF- rC++ Dex+2}
rPois   .          Reflect  .   (helmet restricted)
rElec   +          Harm     .   (no cloak)
rCorr   .          Rampage  .   (gloves unavailable)
Will    +....                   (boots unavailable)
Stlth   +.........              (no amulet)
HPRegen 0.28/turn               t - ring of protection from fire
MPRegen 0.17/turn               (no ring)

@: no status effects
A: large, unfitting armour, tough skin 1
a: Renounce Religion, Potion Petition, Call Merchant, Bribe Branch


You were on level 8 of the Dungeon.
You worshipped Gozag.
Gozag was aware of your devotion.
You visited 2 branches of the dungeon, and saw 9 of its levels.

You collected 667 gold pieces.
You paid 210 gold pieces to Gozag.

Inventory:

Hand Weapons
 e - a +1 club of freezing
 q - the +4 war axe "Jaethrid" {drain, SInv}
   (You found it on level 2 of the Dungeon)

   A truly terrible weapon, it drains the life of any living foe it strikes.
   SInv:      It lets you see invisible.
Missiles
 p - a throwing net
Armour
 a - a +1 robe
 n - the +7 ice dragon scales "Earthly Heaven" (worn) {rF- rC++ Dex+2}
   (You acquired it on level 3 of the Dungeon)

   Dex:       It affects your dexterity (+2).
   rF:        It makes you vulnerable to fire.
   rC:        It greatly protects you from cold.
Magical Staves
 u - a staff of air (weapon)
 F - a staff of fire
Jewellery
 t - a ring of protection from fire (left hand)
 C - an amulet of faith
Wands
 r - a wand of digging (3)
 B - a wand of iceblast (15)
Scrolls
 f - 2 scrolls of enchant weapon
 g - 4 scrolls of brand weapon
 j - 2 scrolls of identify
 m - 2 scrolls of magic mapping
 x - 2 scrolls of amnesia
 y - 2 scrolls of teleportation
 z - 2 scrolls of blinking
 A - 2 scrolls of fog
Potions
 b - 3 potions of magic
 c - 5 potions of curing
 d - 3 potions of haste
 h - 2 potions of brilliance
 i - 2 potions of flight
 k - 3 potions of degeneration
 l - 2 potions of lignification
 o - a potion of cancellation
 s - 2 potions of berserk rage
 v - a potion of might
 w - 4 potions of heal wounds
 D - 2 potions of ambrosia
 E - 2 potions of attraction {unknown}


   Skills:
 + Level 8.0 Fighting
 + Level 4.5 Armour
 + Level 6.0 Dodging
 + Level 5.2 Stealth
 + Level 7.3 Spellcasting
 + Level 5.7 Conjurations
 * Level 8.8 Air Magic


You had 14 spell levels left.
You knew the following spells:

 Your Spells              Type           Power      Damage    Failure   Level
a - Shock                 Conj/Air       100%       1d9       2%          1
b - Static Discharge      Conj/Air       53%        N/A       3%          2
c - Swiftness             Air            59%        N/A       3%          3
d - Airstrike             Air            29%        N/A       13%         4

Your spell library contained the following spells:

 Spells                   Type           Power      Damage    Failure   Level
 Stone Arrow              Conj/Erth      36%        3d9       41%         3
 Gell's Gravitas          Tloc           7%         N/A       82%         3
 Teleport Other           Tloc           7%         N/A       82%         3
 Silence                  Hex/Air        18%        N/A       91%         5
 Animate Armour           Summ/Erth      14%        N/A       99%         4
 Passage of Golubria      Tloc           7%         N/A       99%         4
 Dispersal                Tloc           3%         N/A       100%        6
 Lehudib's Crystal Spear  Conj/Erth      9%         10d4      100%        8


Dungeon Overview and Level Annotations

Branches:
Dungeon (8/15)             Temple (1/1) D:5
   Lair: D:8-11

Altars:
Ashenzari
Cheibriados
Dithmenos
Elyvilon
Fedhas
Gozag
Hepliaklqana
Kikubaaqudgha
Makhleb
Nemelex Xobeh
Okawaru
Qazlal
Ru
Sif Muna
Trog
Uskayaw
Vehumet
Wu Jian
Xom
Yredelemnul
Zin
The Shining One

Shops:
D:5 [

Annotations:
D:2 Terence
D:3 exclusion: sky beast
D:4 1 runed translucent door, qborf's ghost, amateur VSFi
D:8 exclusion: door


Innate Abilities, Weirdness & Mutations

You are too large for most types of armour.
You have tough skin. (AC +1)


Message History

Aim: a boulder beetle (lightly wounded, empty space bonus: 3/8)
You feel a surge of power!
The air twists around and strikes the boulder beetle but does no damage.
The boulder beetle bites you!
You hit the boulder beetle but do no damage.
The boulder beetle is electrocuted.
The boulder beetle is lightly wounded.
The boulder beetle bites you!
You hit the boulder beetle but do no damage.
The boulder beetle is lightly wounded.
The boulder beetle bites you!
You hit the boulder beetle but do no damage.
The boulder beetle is lightly wounded.
The boulder beetle bites you!
You hit the boulder beetle but do no damage.
The boulder beetle is electrocuted.
The boulder beetle is lightly wounded.
The boulder beetle closely misses you.
You hit the boulder beetle but do no damage.
The boulder beetle is lightly wounded.
The boulder beetle bites you! The boulder beetle barely misses you.
Your magical contamination has completely faded away.
You hit the boulder beetle but do no damage.
The boulder beetle is lightly wounded.
The boulder beetle bites you.
You hit the boulder beetle but do no damage.
The boulder beetle is lightly wounded.
The boulder beetle closely misses you.
You hit the boulder beetle but do no damage.
The boulder beetle is lightly wounded.
The boulder beetle barely misses you.
You hit the boulder beetle but do no damage.
The boulder beetle is lightly wounded.
The boulder beetle bites you!
The boulder beetle leaps!
The boulder beetle curls into a ball and begins rolling!
There is a stone staircase leading up here.
The boulder beetle hits you!!!
You die...
Your body crumbles into a pile of gold.

#.#######.##...## #.##..#
#.........###.## #.....###
#.######### #.# #.......#
###.##### #.# #.##.##.# #...[.).#
##'## #.##.##.# #.#.###.# ##°..##
#.##.##.# #.#.###.# ##.°...##
#.##....# #.#.#.#.# ##..B....##
#.#.##..#
###.#.....###...@)....###....#..#
............'.........'.........#
###.......###....)....###.....#.#
###.#.### ##.......## #)#.#...#
##.### ##.....## #)####### #).#
##...## #.# #.## ##'## #.#
####.#### #)# #.# #.......# #.#
#.#


You could see a boulder beetle (rolling).

Vanquished Creatures
  2 two-headed ogres
  Pikel (D:6)
  A water nymph (shapeshifter) (D:8)
  Joseph (D:8)
  Grinder (D:5)
  3 wyverns (D:8)
  A yak (D:8)
  Edmund (D:6)
  2 water moccasins
  An acid dragon (D:8)
  2 black bears (D:6)
  2 sky beasts
  3 ice beasts
  5 orc warriors
  An ogre (D:4)
  6 centaurs
  A phantom (D:4)
  Blork the orc (D:6)
  A kobold brigand (D:8)
  7 bullfrogs
  3 gnoll sergeants
  2 necrophages (D:7)
  3 scorpions
  17 wights
  11 killer bees (D:6)
  A howler monkey (D:8)
  5 jellies
  6 hounds
  A gnoll shaman (D:7)
  6 orc priests
  Jessica (D:2)
  2 iguanas
  Natasha (thrice) (D:2)
  13 orc wizards
  13 gnolls
  8 adders
  A shadow imp (D:8)
  5 white imps
  2 ufetubi
  3 worms
  6 dart slugs
  40 orcs
  8 endoplasms
  2 giant cockroaches
  7 goblins
  8 hobgoblins
  3 jackals
  A quokka (D:3)
  9 ball pythons
  7 bats
  5 frilled lizards
  8 kobolds
  3 rats
256 creatures vanquished.

Vanquished Creatures (others)
  5 fungi (D:3)
  6 plants (D:3)
11 creatures vanquished.

Grand Total: 267 creatures vanquished

Notes
Turn   | Place    | Note
-------+----------+-------------------------------------------
     0 | D:1      | kae the Ogre Air Elementalist began the quest for the Orb.
     0 | D:1      | Reached XP level 1. HP: 16/16 MP: 3/3
   150 | D:1      | Reached skill level 1 in Conjurations
   249 | D:1      | Reached XP level 2. HP: 26/26 MP: 2/5
   772 | D:1      | Reached XP level 3. HP: 32/32 MP: 4/7
   775 | D:1      | Learned a level 2 spell: Static Discharge
   779 | D:1      | Learned a level 3 spell: Swiftness
   927 | D:1      | Reached skill level 1 in Fighting
  1009 | D:2      | Noticed Natasha
  1382 | D:2      | Noticed Terence
  1633 | D:2      | Reached XP level 4. HP: 24/41 MP: 6/8
  1814 | D:2      | Killed Natasha
  2105 | D:2      | Noticed Natasha
  2304 | D:2      | Killed Natasha
  2350 | D:1      | Reached XP level 5. HP: 15/49 MP: 1/9
  2823 | D:2      | Noticed Natasha
  2849 | D:2      | Killed Natasha
  2909 | D:2      | Reached XP level 6. HP: 59/59 MP: 7/10
  3249 | D:2      | Identified the +4 war axe "Jaethrid" {drain, SInv}
  3498 | D:3      | Learned a level 4 spell: Airstrike
  3765 | D:3      | Found a faded altar of an unknown god.
  3989 | D:3      | Noticed a sky beast
  4675 | D:2      | Noticed Jessica
  4686 | D:2      | Killed Jessica
  4821 | D:3      | Identified 2 scrolls of acquirement
  4821 | D:3      | Acquired a staff of air
  4827 | D:3      | Acquired the +7 ice dragon scales "Earthly Heaven" {rF-
                  | rC++ Dex+2}
  5235 | D:3      | Reached XP level 7. HP: 66/67 MP: 3/12
  5355 | D:4      | Found a runed translucent door.
  5951 | D:4      | Noticed qborf's ghost (amateur VSFi)
  6204 | D:4      | Reached skill level 1 in Armour
  6204 | D:4      | Reached skill level 5 in Air Magic
  6265 | D:4      | Reached XP level 8. HP: 78/78 MP: 8/14
  6506 | D:5      | Entered Level 5 of the Dungeon
  7075 | D:5      | Noticed Grinder
  7094 | D:5      | Killed Grinder
  7389 | D:5      | Found a staircase to the Ecumenical Temple.
  7455 | Temple   | Entered the Ecumenical Temple
  7794 | D:5      | Found Zamoiris's Antique Armour Shop.
  8319 | D:6      | Reached XP level 9. HP: 83/87 MP: 4/16
  8334 | D:6      | Reached skill level 5 in Fighting
  8334 | D:6      | Reached skill level 5 in Spellcasting
  8843 | D:6      | Found an opulent altar of Gozag.
  9106 | D:6      | Noticed a two-headed ogre
  9118 | D:6      | Killed a two-headed ogre
  9574 | D:6      | Noticed Edmund
  9590 | D:6      | Killed Edmund
  9744 | D:6      | Noticed Blork the orc
  9753 | D:6      | Killed Blork the orc
  9893 | D:6      | Noticed Pikel
  9903 | D:6      | Killed Pikel
  9904 | D:6      | Reached XP level 10. HP: 96/100 MP: 10/19
 10051 | D:6      | Reached skill level 5 in Dodging
 11009 | D:7      | Noticed a two-headed ogre
 11789 | D:7      | Reached skill level 5 in Conjurations
 12641 | D:8      | Noticed a two-headed ogre
 13066 | D:8      | Reached XP level 11. HP: 93/109 MP: 2/21
 13249 | D:8      | Noticed Joseph
 13491 | D:8      | Killed Joseph
 13492 | D:8      | Reached skill level 5 in Stealth
 14220 | D:8      | Noticed a shock serpent
 14220 | D:8      | Noticed a boulder beetle
 14357 | D:8      | Noticed a two-headed ogre
 14358 | D:8      | Noticed a moth of wrath
 14360 | D:8      | Noticed a two-headed ogre
 14360 | D:8      | a moth of wrath changed into a two-headed ogre
 15172 | D:8      | Killed a two-headed ogre
 15667 | D:6      | Became a worshipper of Gozag Ym Sagoz the Greedy
 16098 | D:8      | Slain by a boulder beetle

Illustrated notes

Levels and vault maps discovered:
D:1:      minmay_arrival_open_corners, layout_basic, minivault_27
D:2:      layout_rooms, minmay_increasing_density, uniq_jessica, uniq_terence,
          uniq_natasha
D:3:      layout_basic, shapermc_ecumenical_altar_mp_urbaneastern
D:4:      layout_cave_pools, hellmonk_ghost_happy_afterlife
D:5:      layout_loops_cross, temple_statues, serial_shops, shop,
          grunt_ministairs_10, uniq_grinder
D:6:      layout_gridville, nicolae_gozag_cash_rules_everything_around_me,
          skrybe_limestone_x, minmay_between, uniq_pikel, uniq_blork_the_orc,
          uniq_edmund
D:7:      layout_cave_pools, grunt_potential
D:8:      cheibrodos_ideogram_h, layout_loops_corners, uniq_joseph
Temple:   mainiacjoe_temple_circle_huts

Skill      XL: |  1  2  3  4  5  6  7  8  9 10 11 |
---------------+----------------------------------+-----
Conjurations   | 1 2 3 4 5 |  5.7
Air Magic      | 3 4 5 6 7 8 |  8.8
Dodging        | 2 3 4 5 6 |  6.0
Fighting       | 1 2 3 4 6 7 8 |  8.0
Spellcasting   | 3 4 6 7 |  7.3
Stealth        | 2 3 4 5 |  5.2
Armour         | 1 2 3 4 |  4.5

Action                   |  1- 3 |  4- 6 |  7- 9 | 10-12 || total
-------------------------+-------+-------+-------+-------++-------
Melee: Unarmed           |     8 |       |       |       ||     8
       Club              |    24 |    15 |       |       ||    39
       Punch             |     1 |       |       |     2 ||     3
       Staff             |       |    27 |    75 |   126 ||   228
 Cast: Shock             |    66 |   149 |   210 |    63 ||   488
       Swiftness         |       |     2 |       |     7 ||     9
       Static Discharge  |       |       |    41 |   101 ||   142
       Airstrike         |       |       |       |    55 ||    55
  Use: Scroll            |       |    12 |     3 |     9 ||    24
       Potion            |       |     2 |       |       ||     2
Armor: Robe              |    25 |    11 |       |       ||    36
       Ice dragon scales |       |    56 |   208 |   285 ||   549
Dodge: Dodged            |    60 |    59 |    90 |   150 ||   359

Table legend: (Time is in decaauts)
 A = Elapsed time spent in this place.
 B = Non-inter-level travel time spent in this place.
 C = Inter-level travel time spent in this place.
 D = Time resting spent in this place.
 E = Time spent auto-exploring this place.
 F = Levels seen in this place.
 G = Mean time per level.
                   A        B        C        D        E       F      G
               +--------+--------+--------+--------+--------+-----+--------+
         Total |  16186 |  15604 |    582 |   5106 |   8229 |   9 | 1798.4 |
       Dungeon |  15862 |  15304 |    558 |   5106 |   7949 |   8 | 1982.8 |
        Temple |    323 |    300 |     23 |      0 |    280 |   1 |  323.0 |
               +--------+--------+--------+--------+--------+-----+--------+

Top non-repeatable levels by time:
     D:8: 3398 daAuts
     D:6: 2611 daAuts
     D:1: 1987 daAuts
     D:5: 1706 daAuts
     D:2: 1667 daAuts
     D:3: 1653 daAuts
     D:7: 1527 daAuts
     D:4: 1310 daAuts
  Temple: 323 daAuts
